 Dungeon Crawl Stone Soup version 0.23-a0-681-g26ad783 (console) character file.

7 Duffy the Firebug (level 1, 0/13 HPs)
             Began as a Demonspawn Fire Elementalist on Jan 10, 2019.
             Slain by a hobgoblin
             ... wielding a +0 club
              (4 damage)
             ... on level 1 of the Dungeon.
             The game lasted 00:00:44 (604 turns).

Duffy the Firebug (Demonspawn Fire Elementalist)     Turns: 604, Time: 00:00:45

Health: 0/13       AC:  2    Str:  8    XL:     1   Next: 91%
Magic:  0/3        EV: 12    Int: 16    God:
Gold:   0          SH:  0    Dex: 13    Spells: 3/4 levels left

rFire    . . .     SeeInvis .   (no weapon)
rCold    . . .     Gourm    .   (no shield)
rNeg     . . .     Faith    .   a - +0 robe
rPois    .         Spirit   .   (no helmet)
rElec    .         Reflect  .   (no cloak)
rCorr    .         Harm     .   (no gloves)
MR       .....                  (no boots)
Stlth    ++........             (no amulet)
HPRegen  0.04/turn              (no ring)
MPRegen  0.08/turn              (no ring)

@: very slightly contaminated
A: no striking features
a: no special abilities


You were on level 1 of the Dungeon.
You were not hungry.

You visited 1 branch of the dungeon, and saw 1 of its levels.

Inventory:

Armour
 a - a +0 robe (worn)
Scrolls
 b - a scroll of enchant weapon {unknown}
 e - a scroll of fear {unknown}
Potions
 d - a potion of curing {unknown}
Comestibles
 c - a ration


   Skills:
 - Level 1.7 Dodging
 - Level 1.7 Stealth
 + Level 2.0 Spellcasting
 + Level 1.9 Conjurations
 + Level 2.7 Fire Magic


You had 3 spell levels left.
You knew the following spells:

 Your Spells              Type           Power        Failure   Level  Hunger
h - Flame Tongue          Conj/Fire      #....        8%          1    #......

Your spell library contained the following spells:

 Spells                   Type           Power        Failure   Level  Hunger
 Throw Flame              Conj/Fire      #.....       12%         2    ###....
 Conjure Flame            Conj/Fire      #.......     24%         3    ###....
 Inner Flame              Hex/Fire       #.......     34%         3    ###....
 Sticky Flame             Conj/Fire      #.......     61%         4    #####..
 Fireball                 Conj/Fire      #.........   91%         5    ######.


Dungeon Overview and Level Annotations

Branches:
Dungeon (1/15)

Altars:


Message History

Aiming: Flame Tongue (safe; 9% risk of failure)
Press: ? - help, Shift-Dir - straight line, f/p - giant cockroach
Aim: a giant cockroach (almost dead, clinging)
The flame tongue hits the giant cockroach.
You kill the giant cockroach!
Casting: Flame Tongue (safe; 8% risk of failure)
Confirm with . or Enter, or press ? or * to list all spells.
You don't have enough magic to cast that spell.
Casting: Flame Tongue (safe; 8% risk of failure)
Confirm with . or Enter, or press ? or * to list all spells.
You don't have enough magic to cast that spell.
Casting: Flame Tongue (safe; 8% risk of failure)
Confirm with . or Enter, or press ? or * to list all spells.
You don't have enough magic to cast that spell.
You hit the hobgoblin but do no damage. You closely miss the hobgoblin.
The hobgoblin closely misses you.
You hit the hobgoblin but do no damage. The hobgoblin hits you with a +0 club.
You closely miss the hobgoblin. The hobgoblin hits you with a +0 club.
You closely miss the hobgoblin. The hobgoblin hits you with a +0 club.
You die...

###### #.#
#.#
#.#####.#
###.....).#
#....######
#.##.#
#.##.#
#.##.#
#.##.#
#@##.#
#g##.#
#.##.#
...#.# .#.
#. .# ## ##


You could see a hobgoblin.

Vanquished Creatures
  A giant cockroach (D:1)
  2 goblins (D:1)
  A hobgoblin (D:1)
  A frilled lizard (D:1)
  A kobold (D:1)
  A rat (D:1)
7 creatures vanquished.

Notes
Turn   | Place    | Note
-------+----------+-------------------------------------------
     0 | D:1      | Duffy the Demonspawn Fire Elementalist began the quest for
                  | the Orb.
     0 | D:1      | Reached XP level 1. HP: 13/13 MP: 3/3
   604 | D:1      | Slain by a hobgoblin

Vault maps used:
D:1:      wander_arrival_peaceful_grave

Action                   || total
-------------------------++-------
Melee: Unarmed           ||     5
 Cast: Flame Tongue      ||    19
Armor: Robe              ||     2
Dodge: Dodged            ||    13

Table legend:
 A = Non-vault XP
 B = Vault XP
 C = Vault XP percentage of total XP
 D = Non-vault monster count
 E = Vault monster count
 F = Vault count percentage of total count
                 A         B        C        D         E       F
            +---------+---------+-------+---------+---------+-------
      Total |      11 |       0 |   0.0 |       7 |       0 |   0.0
            +---------+---------+-------+---------+---------+-------
        D:1 |      11 |       0 |   0.0 |       7 |       0 |   0.0
            +---------+---------+-------+---------+---------+-------
